 Dungeon Crawl Stone Soup version 0.27.1-3-gb3d3a73c9e (webtiles) character file.

Game seed: 7132189040315503161

16 horus123 the Chiller (level 2, -1/20 HPs)
             Began as a Draconian Ice Elementalist on Oct 29, 2021.
             Frozen to death by an endoplasm (3 damage)
             ... on level 2 of the Dungeon.
             The game lasted 00:01:16 (241 turns).

horus123 the Chiller (Draconian Ice Elementalist)    Turns: 241, Time: 00:01:17

Health: -1/20      AC:  4    Str: 10    XL:     2   Next: 37%
Magic:  0/5        EV: 12    Int: 15    God:
Gold:   7          SH:  0    Dex: 11    Spells: 4/5 levels left

rFire    . . .     SeeInvis .   c - +0 dagger
rCold    . . .     Faith    .   (no shield)
rNeg     . . .     Spirit   .   (armour unavailable)
rPois    .         Reflect  .   (helmet restricted)
rElec    .         Harm     .   (no cloak)
rCorr    .         Rampage  .   (no gloves)
Will     .....                  (no boots)
Stlth    ++........             (no amulet)
HPRegen  0.06/turn              (no ring)
MPRegen  0.09/turn              (no ring)

@: no status effects
A: AC +4, unfitting armour, cold-blooded
a: no special abilities


You were on level 2 of the Dungeon.
You visited 1 branch of the dungeon, and saw 2 of its levels.

You collected 7 gold pieces.

Inventory:

Hand Weapons
 c - a +0 dagger (weapon)
 e - a +0 hunting sling
Potions
 a - a potion of lignification {unknown}
 b - a potion of might {unknown}
 d - a potion of degeneration {unknown}


   Skills:
 + Level 1.9 Dodging
 + Level 1.8 Stealth
 + Level 2.2 Spellcasting
 + Level 4.4 Ice Magic


You had 4 spell levels left.
You knew the following spells:

 Your Spells              Type           Power      Damage    Failure   Level
a - Freeze                Ice            56%        1d7       3%          1

Your spell library contained the following spells:

 Spells                   Type           Power      Damage    Failure   Level
 Frozen Ramparts          Ice            28%        1d4       11%         3
 Ozocubu's Armour         Ice            14%        N/A       11%         3
 Tukima's Dance           Hex            1%         N/A       54%         3
 Hailstorm                Conj/Ice       8%         3d4       65%         4
 Fulminant Prism          Conj/Hex       0%         3d6       91%         4
 Yara's Violent Unravell  Hex/Tmut       0%         3d3       99%         5
 Discord                  Hex            0%         N/A       100%        8


Dungeon Overview and Level Annotations

Branches:
Dungeon (2/15)

Altars:


Innate Abilities, Weirdness & Mutations

Your plain brown scales are hard. (AC +4)
You cannot fit into any form of body armour.
You are cold-blooded and may be slowed by cold attacks.


Message History

The bat barely misses you. The bat hits you but does no damage.
The bat hits you but does no damage. x2
The bat hits you but does no damage. The bat barely misses you.
The bat hits you but does no damage. The adder bites you but does no damage.
The bat hits you but does no damage. The bat hits you.
* * * LOW HITPOINT WARNING * * *
The bat misses you. The bat hits you but does no damage.
The bat barely misses you. The bat closely misses you.
Aiming: Freeze (safe; 3% risk of failure)
Press: ? - help, Q - select action Shift-Dir - straight line, f/p - adder
Aim: an adder (moderately wounded)
You freeze the adder.
The adder is almost dead.
The bat closely misses you. The bat hits you but does no damage.
The adder bites you but does no damage. The adder barely misses you.
The bat hits you but does no damage. The bat closely misses you.
Found 10 gold pieces.
The bat hits you but does no damage. The bat hits you.
* * * LOW HITPOINT WARNING * * *
Found a stone staircase leading down.
The adder bites you but does no damage. The bat closely misses you. x2
Aiming: Freeze (safe; 3% risk of failure)
Press: ? - help, Q - select action Shift-Dir - straight line, f/p - adder
Aim: an adder (almost dead)
You freeze the adder.
You kill the adder!
The bat hits you but does no damage. The bat hits you.
* * * LOW HITPOINT WARNING * * *
You have reached level 2!
An endoplasm comes into view.
The bat hits you but does no damage.
Found a stone staircase leading up.
The bat completely misses you. The bat closely misses you.
The bat closely misses you. The bat hits you but does no damage.
The bat misses you.
The endoplasm quivers.
The bat hits you but does no damage. The endoplasm freezes you.
You are frozen.
You die...

######### ..
#...#... # ...
#......#.#
....#.#.#..#.#
....#......<.#
.........J...#
.......#.@#..#
.......b.....# $.
##..###b####.#
..............>.# #
.##.....#..#..g...#
.......##.###....#
###........# #K...#
...........###....#
.....)....g.......#


You could see an endoplasm and 2 bats.

Vanquished Creatures
  An adder (D:2)
  A dart slug (D:1)
  An endoplasm (D:1)
  2 hobgoblins (D:1)
5 creatures vanquished.

Notes
Turn   | Place    | Note
-------+----------+-------------------------------------------
     0 | D:1      | horus123 the Draconian Ice Elementalist began the quest for
                  | the Orb.
     0 | D:1      | Reached XP level 1. HP: 14/14 MP: 3/3
    72 | D:1      | Got the Handbook of the Unstable Oath
   206 | D:1      | You fall into a shaft and drop 1 floor!
   237 | D:2      | Reached XP level 2. HP: 2/20 MP: 0/5
   241 | D:2      | Frozen to death by an endoplasm

Illustrated notes

Levels and vault maps discovered:
D:1:      lightli_arrival_statuegarden, layout_loops_ring,
          hellmonk_ecumenical_altar_lost_god
D:2:      layout_basic, basic_altar

Action                   || total
-------------------------++-------
 Cast: Freeze            ||    12
Armor: Skin              ||    27
Dodge: Dodged            ||    31
